cohdb
Replays
Latest Replays
All Replays
Popular Replays
Top Player Replays
Match Explorer
How It Works
Community
CoH3 Stats
Reddit
Sign in to upload your games and track your stats! →
Sign in with Steam
Match 42691068
Unlisted
Match 42691068
Overview
Messages
Build Orders
End
Construct Section Command Post
Selects Indian Artillery Battlegroup
Infantry Section
Dingo Light Scout Car
Infantry Section
Dingo Light Scout Car
Selects Towed ML 4.2-inch Heavy Mortar
Towed ML 4.2-inch Heavy Mortar
Construct Platoon Command Post
Vickers Machine Gun Team
Royal Engineer Section
6-pounder Anti-tank Gun Team
Construct Company Command Post
Matilda II Heavy Tank
Selects Valour
Selects Gurkha Rifles Section
Gurkha Rifles Section
Grenade Package
Infantry Training
Selects Pillage
Tomakaze
Geffery
楚云飞
dumle
ikersus25
Nashorn101
0
0
Comments
sign in to comment!
No comments posted yet!